 Dungeon Crawl Stone Soup version 0.26.1-2-gb8aa6d0cf2 (webtiles) character file.

Game seed: 11786039050669153880

140 Gadfly the Gusty (level 5, 0/29 HPs)
             Began as a Tengu Air Elementalist on Feb 19, 2021.
             Slain by a gnoll
             ... wielding a +0 whip
              (11 damage)
             ... on level 2 of the Dungeon.
             The game lasted 00:04:53 (2663 turns).

Gadfly the Gusty (Tengu Air Elementalist)           Turns: 2663, Time: 00:04:53

Health: 0/29       AC:  2    Str:  8    XL:     5   Next: 22%
Magic:  16/19      EV: 13    Int: 17    God:
Gold:   87         SH:  0    Dex: 14    Spells: 3/9 levels left

rFire    . . .     SeeInvis .   i - +0 spear
rCold    . . .     Faith    .   (no shield)
rNeg     . . .     Spirit   .   a - +0 robe
rPois    .         Reflect  .   (helmet restricted)
rElec    .         Harm     .   (no cloak)
rCorr    .         Rampage  .   (no gloves)
Will     .....                  (boots unavailable)
Stlth    ++........             (no amulet)
HPRegen  0.09/turn              b - ring of magical power
MPRegen  0.16/turn              (no ring)

@: no status effects
A: beak, talons 3, able to fly
a: Fly


You were on level 2 of the Dungeon.
You visited 1 branch of the dungeon, and saw 2 of its levels.

You collected 87 gold pieces.

Inventory:

Hand Weapons
 i - a +0 spear (weapon)
Armour
 a - a +0 robe (worn)
Jewellery
 b - a ring of magical power (left hand)
Wands
 h - a wand of acid (7)
Scrolls
 c - 2 scrolls of teleportation
 d - a scroll of magic mapping
Potions
 e - a potion of curing
 f - a potion of ambrosia {unknown}
 g - a potion of haste


   Skills:
 + Level 1.2 Fighting
 * Level 3.0 Dodging
 - Level 2.0 Stealth
 * Level 2.7 Spellcasting
 * Level 2.8 Conjurations
 * Level 1.9 Summonings
 + Level 4.3 Air Magic
 * Level 1.6 Evocations


You had 3 spell levels left.
You knew the following spells:

 Your Spells              Type           Power        Failure   Level
a - Shock                 Conj/Air       56%          4%          1
b - Swiftness             Air            17%          4%          2
c - Static Discharge      Conj/Air       14%          12%         3

Your spell library contained the following spells:

 Spells                   Type           Power        Failure   Level
 Airstrike                Air            8%           30%         4
 Lightning Bolt           Conj/Air       7%           75%         5


Dungeon Overview and Level Annotations

Branches:
Dungeon (2/15)

Altars:


Innate Abilities, Weirdness & Mutations

You have a beak for a mouth.
You have claws for feet.
You can fly continuously.


Message History

Press: ? - help, Shift-Dir - straight line The zap hits the gnoll.
The gnoll is moderately wounded.
The zap hits the gnoll.
The gnoll is lightly wounded.
The zap hits the gnoll.
The gnoll is lightly wounded.
The zap hits the gnoll.
The gnoll is severely wounded.
The gnoll misses you.
Casting: Shock (safe; 4% risk of failure)
Confirm with . or Enter, or press ? or * to list all spells.
Aiming: Shock (safe; 4% risk of failure)
Press: ? - help, Shift-Dir - straight line The zap hits the gnoll.
The gnoll is moderately wounded.
The zap hits the gnoll.
The gnoll is severely wounded.
The gnoll barely misses you. The gnoll hits you with a +0 whip!
You die...

#. #. .. #. ....# .#
.##.##. #.#.# ..#
.......#####.#.##..#
#............
#.###.####.....#
#...gg..##.....#
########
#####@.........#.#
#......#
#.####.......#
#.####.#
#.##.......### ###.#
#.# #......#####
....# #.# #.#....#
##### #.# #>.....#
#[## ###...## #..#
#...# # ### ##.#
#...# .#


You could see 2 gnolls.

Vanquished Creatures
  An adder (D:1)
  8 gnolls
  2 worms (D:2)
  2 dart slugs (D:1)
  An orc (D:2)
  2 giant cockroaches
  9 goblins
  6 hobgoblins
  3 kobolds
  2 bats
  4 frilled lizards (D:1)
  6 rats
46 creatures vanquished.

Notes
Turn   | Place    | Note
-------+----------+-------------------------------------------
     0 | D:1      | Gadfly the Tengu Air Elementalist began the quest for the
                  | Orb.
     0 | D:1      | Reached XP level 1. HP: 10/10 MP: 4/4
   222 | D:1      | Reached XP level 2. HP: 15/15 MP: 6/6
   225 | D:1      | Learned a level 2 spell: Swiftness
   520 | D:1      | Reached skill level 1 in Summonings
   544 | D:1      | Reached XP level 3. HP: 20/20 MP: 7/7
   548 | D:1      | Learned a level 3 spell: Static Discharge
  1198 | D:2      | Reached skill level 1 in Evocations
  1215 | D:2      | Reached skill level 1 in Fighting
  1215 | D:2      | Reached XP level 4. HP: 6/25 MP: 4/8
  1931 | D:2      | Gained mutation: You can fly continuously. [Tengu growth]
  1931 | D:2      | Reached XP level 5. HP: 22/29 MP: 6/9
  2663 | D:2      | Slain by a gnoll

Illustrated notes

Levels and vault maps discovered:
D:1:      dpeg_arrival_fog, layout_basic
D:2:      layout_loops_cross, lemuel_round_altar

Skill      XL: |  1  2  3  4  5 |
---------------+----------------+-----
Summonings     | 1 |  1.9
Conjurations   | 2 |  2.8
Evocations     | 1 |  1.6
Fighting       | 1 |  1.2
Dodging        | 3 |  3.0
Stealth        | |  2.0
Spellcasting   | |  2.7
Air Magic      | |  4.3

Action                   |  1- 3 |  4- 6 || total
-------------------------+-------+-------++-------
Melee: Short sword       |    27 |       ||    27
       Kick              |     4 |     4 ||     8
       Peck              |     2 |     5 ||     7
       Spear             |       |    15 ||    15
 Cast: Shock             |    46 |    59 ||   105
  Use: Scroll            |     6 |     2 ||     8
 Stab: Sleeping          |     1 |     1 ||     2
Armor: Robe              |     9 |     2 ||    11
Dodge: Dodged            |    23 |    27 ||    50
